 Dungeon Crawl Stone Soup version 0.21.1-1-g345015f (webtiles) character file.

80 asishallab the Insei (level 4, 0/38 HPs)
             Began as a Draconian Monk on May 13, 2018.
             Was a Priest of Qazlal.
             Succumbed to an adder's poison
             ... on level 3 of the Dungeon.
             The game lasted 00:03:46 (784 turns).

asishallab the Insei (Draconian Monk)                Turns: 784, Time: 00:03:48

Health: 0/38       AC:  5    Str: 13    XL:     4   Next: 18%
Magic:  4/4        EV: 13    Int: 10    God:    Qazlal [***...]
Gold:   58         SH:  7    Dex: 15    Spells: 3/3 levels left

rFire    . . .     SeeInvis .     - Unarmed
rCold    . . .     Gourm    .   g - +0 buckler
rNeg     . . .     Faith    .   (armour unavailable)
rPois    .         Spirit   .   (helmet restricted)
rElec    .         Reflect  .   (no cloak)
rCorr    .         Harm     .   (no gloves)
MR       .....                  (no boots)
Stlth    ++........             (no amulet)
HPRegen  0.12/turn              (no ring)
MPRegen  0.09/turn              (no ring)

@: lethally poisoned (0 -> -5), hasted, very quick
A: unfitting armour, cold-blooded, AC +5
a: Upheaval, Elemental Force, Renounce Religion


You were on level 3 of the Dungeon.
You worshipped Qazlal.
Qazlal was most pleased with you.
You were not hungry.

You visited 1 branch of the dungeon, and saw 3 of its levels.

You collected 58 gold pieces.

Inventory:

Missiles
 b - 37 stones
 j - 3 javelins (quivered)
Armour
 g - a +0 buckler (worn)
Jewellery
 d - a +3 ring of strength {unknown}
 f - an uncursed ring of protection from fire {unknown}
Scrolls
 e - a scroll of identify {unknown}
 h - 3 scrolls of remove curse {unknown}
 i - a scroll of random uselessness {unknown}
 k - a scroll of magic mapping {unknown}
 l - 2 scrolls of teleportation {unknown}
Comestibles
 a - 3 rations
 c - 4 chunks of flesh


   Skills:
 - Level 3.2 Fighting
 + Level 3.7 Dodging
 - Level 1.7 Stealth
 + Level 4.1 Unarmed Combat


You had 3 spell levels left.
You didn't know any spells.

Dungeon Overview and Level Annotations

Branches:
Dungeon (3/15)

Altars:
Qazlal

Annotations:
D:3 AdmiralAndromeda's ghost, amateur DrCj


Innate Abilities, Weirdness & Mutations

Your plain brown scales are hard. (AC +5)
You cannot fit into any form of body armour.
You are cold-blooded and may be slowed by cold attacks.


Message History

* * * LOW HITPOINT WARNING * * *
It was a potion of haste.
You feel yourself speed up.
The gnoll is engulfed in blazing flames.
You kill the gnoll!
Qazlal accepts your kill. The gnoll hits you but does no damage.
The quokka bites you but does no damage.
Found 2 fizzy orange potions.
An adder comes into view.
Found a stone staircase leading down.
The adder misses you.
Found 5 stones.
There is a stone staircase leading down here.
The adder bites you.
* * * LOW HITPOINT WARNING * * *
You are lethally poisoned!
The adder poisons you!
You climb downwards.
AdmiralAndromeda's ghost (amateur Draconian Conjurer) comes into view.
It is wielding a weapon of protection.
You die...

####
#W.
#S#
#@#
#.#
#.#
#.#
#.#
#.#
#.#
...


You could see AdmiralAndromeda's ghost (wandering) and an adder.

Vanquished Creatures
  3 gnolls (D:2)
  An adder (D:2)
  An ooze (D:1)
  A worm (D:2)
  A dart slug (D:1)
  A leopard gecko (D:1)
  A bat (D:1)
  2 giant cockroaches (D:1)
  6 goblins (D:1)
  6 hobgoblins
  2 kobolds (D:1)
  2 frilled lizards (D:1)
  6 rats
33 creatures vanquished.

Notes
Turn   | Place    | Note
-------+----------+-------------------------------------------
     0 | D:1      | asishallab the Draconian Monk began the quest for the Orb.
     0 | D:1      | Reached XP level 1. HP: 19/19 MP: 1/1
   200 | D:1      | Reached XP level 2. HP: 24/26 MP: 2/2
   360 | D:1      | Reached XP level 3. HP: 25/31 MP: 3/3
   592 | D:2      | Found a faded altar of an unknown god.
   618 | D:2      | Became a worshipper of Qazlal Stormbringer
   618 | D:2      | Reached * piety under Qazlal
   618 | D:2      | Reached ** piety under Qazlal
   748 | D:2      | Reached skill level 4 in Unarmed Combat
   757 | D:2      | Reached *** piety under Qazlal
   757 | D:2      | Reached XP level 4. HP: 26/38 MP: 4/4
   758 | D:2      | HP: 1/38 [gnoll/spear of freezing (3)]
   783 | D:2      | HP: 1/38 [adder (2)]
   784 | D:3      | Noticed AdmiralAndromeda's ghost (amateur DrCj)
   784 | D:3      | Succumbed to an adder's poison

Skill      XL: |  1  2  3 |
---------------+----------+-----
Dodging        | 3 |  3.7
Unarmed Combat | 4 |  4.1
Fighting       | |  3.2
Stealth        | |  1.7

Action                   |  1- 3 |  4- 6 || total
-------------------------+-------+-------++-------
Melee: Unarmed           |   104 |     1 ||   105
       Tailslap          |    13 |       ||    13
Throw: Javelin           |     5 |       ||     5
       Stone             |     1 |       ||     1
  Use: Potion            |     1 |     1 ||     2
 Stab: Sleeping          |     3 |       ||     3
Armor: Skin              |    16 |     2 ||    18
Dodge: Dodged            |    59 |     1 ||    60
Block: Buckler           |    24 |     1 ||    25
